 Dungeon Crawl Stone Soup version 0.26-a0-451-gacbe401039 (webtiles) character file.

Game seed: 5323615184956991336

39025 MrRokkomies the Unseen (level 13, -3/67 HPs)
             Began as a Felid Abyssal Knight on July 27, 2020.
             Was the Champion of Lugonu.
             Slain by a white ugly thing (15 damage)
             ... on level 14 of the Dungeon on July 28, 2020.
             The game lasted 02:26:06 (46677 turns).

MrRokkomies the Unseen (Felid Abyssal Knight)      Turns: 46677, Time: 02:26:06

Health: -3/67      AC:  7    Str:  8    XL:     13   Next: 67%
Magic:  20/23      EV: 26    Int: 17    God:    Lugonu [******]
Gold:   1486       SH:  0    Dex: 17    Spells: 3/24 levels left
                                        Lives:  0   Deaths: 4

rFire    + . .     SeeInvis +     - Unarmed
rCold    + . .     Faith    .   (shield unavailable)
rNeg     . . .     Spirit   .   (armour unavailable)
rPois    +         Reflect  .   (helmet unavailable)
rElec    .         Harm     .   (cloak unavailable)
rCorr    .                      (gloves unavailable)
MR       +....                  (boots unavailable)
Stlth    ++++++....             n - amulet of magic regeneration
HPRegen  0.21/turn              C - +4 ring of protection
MPRegen  0.43/turn              f - ring of protection from fire

@: quick
A: very small, no armour, no weapons or thrown items, stealth, claws 1, fangs 3,
see invisible, speed 1, poison resistance, robust 1, shaggy fur 3, sharp paws
a: Depart the Abyss, Bend Space, Banish, Corrupt, Enter the Abyss, Renounce
Religion


You were on level 14 of the Dungeon.
You worshipped Lugonu.
Lugonu was exalted by your worship.
You visited 3 branches of the dungeon, and saw 23 of its levels.
You visited the Abyss 1 time.
You also visited: Gauntlet.

You collected 2494 gold pieces.
You spent 1008 gold pieces at shops.

Inventory:

Jewellery
 a - a +6 ring of strength
 f - a ring of protection from fire (right paw)
 h - a +6 ring of dexterity
 n - an amulet of magic regeneration (around neck)
 r - an uncursed ring of protection from fire
 C - a +4 ring of protection (left paw)
 E - an uncursed ring of positive energy
 G - an uncursed ring of protection from magic
 H - an uncursed ring of protection from cold
 I - an uncursed ring of flight
 M - an uncursed ring of protection from fire
 O - an uncursed ring of fire
 P - a +6 ring of dexterity
Wands
 q - a wand of random effects (19)
 s - a wand of flame (34)
 u - a wand of digging (5)
 v - a wand of iceblast (1)
 x - a wand of acid (6)
 y - a wand of disintegration (19)
 z - a wand of enslavement (16)
 N - a wand of clouds (3)
Scrolls
 e - 10 scrolls of teleportation
 g - 4 scrolls of remove curse
 i - 3 scrolls of fog
 k - 8 scrolls of blinking
 m - 15 scrolls of identify
 p - 4 scrolls of fear
 w - 5 scrolls of amnesia
 A - 4 scrolls of immolation
 D - a scroll of magic mapping
Potions
 b - 6 potions of might
 c - 3 potions of lignification
 d - 5 potions of flight
 j - 2 potions of invisibility
 l - 9 potions of curing
 o - 4 potions of cancellation
 t - 3 potions of brilliance
 B - a potion of heal wounds
 J - a potion of magic
 K - a potion of resistance
 L - a potion of haste
Miscellaneous
 F - a box of beasts


   Skills:
 - Level 10.0 Fighting
 - Level 10.0 Dodging
 - Level 15.0 Stealth
 - Level 12.0 Unarmed Combat
 - Level 6.0 Spellcasting
 * Level 6.8 Conjurations
 - Level 8.0 Hexes
 - Level 6.0 Summonings
 + Level 2.8 Translocations
 * Level 9.9 Air Magic
 + Level 11.3 Invocations


You had 3 spell levels left.
You knew the following spells:

 Your Spells              Type           Power        Failure   Level
a - Call Imp              Summ           ####....     1%          2
b - Call Canine Familiar  Summ           ####....     3%          3
c - Confusing Touch       Hex            ####....     1%          3
d - Shock                 Conj/Air       ####         1%          1
e - Airstrike             Air            #####.....   2%          4
f - Summon Lightning Spi  Summ/Air       ####....     4%          4
g - Iskenderun's Mystic   Conj/Tloc      ###.....     17%         4

Your spell library contained the following spells:

 Spells                   Type           Power        Failure   Level
 Corona                   Hex            ####...      1%          1
 Magic Dart               Conj           ####         1%          1
 Summon Small Mammal      Summ           ####         1%          1
 Searing Ray              Conj           ####..       1%          2
 Slow                     Hex            ####....     1%          2
 Swiftness                Air            #####...     1%          2
 Dazzling Flash           Conj/Hex       ####..       1%          3
 Static Discharge         Conj/Air       ####....     1%          3
 Tukima's Dance           Hex            ####....     1%          3
 Summon Guardian Golem    Hex/Summ       ####....     2%          3
 Apportation              Tloc           ##....       4%          1
 Inner Flame              Hex/Fire       ###.....     8%          3
 Gell's Gravitas          Tloc           ##........   12%         3
 Animate Skeleton         Necr           #.....       13%         1
 Freeze                   Ice            #...         13%         1
 Pain                     Necr           #...         13%         1
 Sting                    Tmut/Pois      #...         13%         1
 Frozen Ramparts          Ice            #.....       36%         3
 Ozocubu's Armour         Ice            #.......     36%         3
 Cause Fear               Hex            ####......   4%          4
 Fulminant Prism          Conj/Hex       ####......   6%          4
 Lightning Bolt           Conj/Air       ####......   12%         5
 Summon Mana Viper        Hex/Summ       ####....     21%         5
 Leda's Liquefaction      Hex/Erth       ###.......   24%         4
 Hailstorm                Conj/Ice       ###.....     30%         4
 Summon Ice Beast         Ice/Summ       ###.....     36%         4
 Metabolic Englaciation   Hex/Ice        ###.......   56%         5
 Yara's Violent Unravell  Hex/Tmut       ###.......   56%         5
 Petrify                  Tmut/Erth      #.......     77%         4
 Borgnjor's Vile Clutch   Necr/Erth      #.........   98%         5
 Discord                  Hex            ####......   100%        8
 Portal Projectile        Hex/Tloc       Unusable     N/A         3

Dungeon Overview and Level Annotations

Branches:
Dungeon (15/15)            Temple (0/1) D:5            Lair (6/6) D:10
  Swamp (0/4) Lair:2        Snake (0/4) Lair:3        Slime (0/5) Lair:5
    Orc (2/2) D:11            Elf (0/3) Orc:2        Vaults (0/5) D:14
Gauntlet (visited)
 Depths: D:15

Altars:
Fedhas
Okawaru
Qazlal
Sif Muna
Uskayaw
Vehumet
Xom
The Shining One

Shops:
Orc:2 (}?*

Annotations:
D:2 Crazy Yiuf
D:4 Sigmund
D:5 3 runed translucent doors, Efemafry's ghost, novice GnWr
D:12 1 exclusion
D:15 Azrael
Lair:1 1 exclusion
Lair:6 corrupted
Abyss:1 Erica; Gastronok; Harold; Maggie; Snorg


Innate Abilities, Weirdness & Mutations

You cannot wear armour.
You are incapable of wielding weapons or throwing items.
Your paws allow you to move quietly. (Stealth)
You have sharp claws.
You have razor-sharp teeth.
You have supernaturally acute eyesight. (SInv)
You cover ground quickly.
Your thick and shaggy fur keeps you warm. (AC +3, rC+)
Your sharp claws are effective at attacking unaware monsters.
Your system is resistant to poisons. (rPois)
You are robust. (+10% HP)


Message History

Magic restored.
You start resting.
HP restored.
You climb downwards.
Level annotation: Azrael The white ugly thing trunk-slaps you!
The white ugly thing freezes you! You resist.
The white ugly thing trunk-slaps you but does no damage.
There is a stone staircase leading up, spattered with blood here.
The white ugly thing barely misses you.
You climb upwards.
There is a stone staircase leading down, spattered with blood here.
Casting: Confusing Touch (safe; 1% risk of failure)
Confirm with . or Enter, or press ? or * to list all spells.
An electric hum fills the air.
The white ugly thing trunk-slaps you. The white ugly thing freezes you!
You resist. The white ugly thing trunk-slaps you!
* * * LOW HITPOINT WARNING * * *
The white ugly thing freezes you! You resist.
You die...

###### #....# ########.##.#
##.....@...#.#
#....8.u...#.#
#..##......#.#
#..##.######†# #####
#..........#.# #)...
#####.###.####.#.#######....
#........>..................
#.###.###.####.#.#..........
#.#...†...# #.#.#.#####....


You could see a white ugly thing and a friendly lightning spire (summoned).

Vanquished Creatures
  Jorgrun (Orc:2)
  A minotaur (Gauntlet)
  Josephine (D:14)
  7 vault guards (D:14)
  3 centaur warriors
  4 hydras
  A death knight (D:15)
  A queen ant (D:11)
  A tengu warrior (D:13)
  3 two-headed ogres
  2 orc high priests (Orc:1)
  5 skeletal warriors
  2 unseen horrors
  An unseen horror (shapeshifter) (D:15)
  A wolf spider zombie (D:11)
  A necromancer (Lair:5)
  A phantasmal warrior (D:15)
  An orc knight (Orc:1)
  A salamander (shapeshifter) (D:15)
  2 deep elf magi (D:15)
  3 orc sorcerers
  11 ugly things
  4 cyclopes
  2 manticores
  A centaur zombie (D:14)
  Maurice (D:9)
  3 black mambas
  2 gargoyles
  6 elephants
  6 cane toads
  A kobold demonologist (D:11)
  A redback zombie (D:15)
  4 yaktaurs (D:14)
  3 rime drakes
  2 freezing wraiths (D:15)
  3 efreet
  3 trolls
  A jumping spider (Gauntlet)
  4 komodo dragons
  A tengu conjurer (D:15)
  2 polar bears (Lair:4)
  16 blink frogs
  7 slime creatures (D:12)
  16 hippogriffs
  A meliai zombie (D:15)
  2 shadows
  10 wraiths
  A vampire (D:14)
  A redback (Gauntlet)
  2 wyverns
  47 yaks
  2 fire bats (Gauntlet)
  Grum (D:11)
  5 basilisks
  A fire elemental (D:14)
  7 vampire mosquitoes
  A warg (Orc:1)
  8 soldier ants (D:11)
  2 nagas (Lair:3)
  An acid dragon (D:15)
  5 porcupines
  13 water moccasins
  18 orc warriors
  2 sky beasts (D:11)
  A necrophage (D:10)
  5 black bears
  3 elephant zombies (Lair:5)
  5 ice beasts
  A black bear (shapeshifter) (D:15)
  3 phantoms
  11 wolves
  7 ogres
  13 centaurs
  8 crocodiles
  A big kobold (D:10)
  21 bullfrogs
  A nameless horror (D:13)
  5 scorpions
  3 electric eels
  15 killer bees
  13 wights
  9 howler monkeys
  A bullfrog zombie (D:13)
  3 quasits
  8 jellies
  28 orc wizards
  5 bullfrog skeletons
  32 orc priests
  5 hounds
  3 centaur skeletons
  5 iguanas
  8 hell rats (Lair:1)
  36 worker ants
  2 killer bee zombies
  2 crocodile zombies (Lair:5)
  A hound zombie (D:8)
  2 hound skeletons
  A howler monkey zombie (D:7)
  A worker ant zombie (D:9)
  2 gnolls
  A howler monkey skeleton (D:5)
  9 adders
  11 river rats (Lair:1)
  A shadow imp (D:7)
  4 white imps
  5 ufetubi
  2 worms
  4 dart slugs
  4 leopard geckos
  74 orcs
  12 giant cockroaches
  11 goblins
  7 hobgoblins
  6 jackals
  13 quokkas
  3 ball pythons
  8 bats
  6 frilled lizards
  A jackal skeleton (D:4)
  A jackal zombie (D:1)
  17 kobolds
  A leopard gecko zombie (D:5)
  A quokka zombie (D:1)
  17 rats
762 creatures vanquished.

Vanquished Creatures (collateral kills)
  A vault guard (D:14)
  An ogre mage (D:15)
  3 two-headed ogres
  2 freezing wraiths (D:14)
  A troll (D:14)
  3 blink frogs
  2 slime creatures (D:12)
  A hippogriff (D:8)
  7 yaks
  A basilisk (Lair:2)
  2 porcupines (D:10)
  A crocodile (Lair:4)
  A gnoll sergeant (D:13)
  An electric eel (Lair:4)
  2 jellies
  A hell rat (Lair:1)
  2 gnolls (D:13)
  A fungus (Lair:4)
33 creatures vanquished.

Vanquished Creatures (others)
  2 dire elephants (Lair:6)
  A hydra (Lair:3)
  A catoblepas (Lair:6)
  A two-headed ogre (D:9)
  2 orc high priests
  A lindwurm (Lair:6)
  2 manticores (Lair:6)
  2 black mambas (Lair:6)
  A cane toad (Lair:6)
  A rime drake (Lair:6)
  A komodo dragon (Lair:1)
  A hornet (D:8)
  2 water elementals (D:14)
  An orc warrior (D:8)
  An orc priest (D:8)
  12 demonic plants (Gauntlet)
  40 fungi
  19 plants
  8 starspawn tentacles (Lair:6)
99 creatures vanquished.

Grand Total: 894 creatures vanquished

Notes
Turn   | Place    | Note
-------+----------+-------------------------------------------
     0 | Abyss:1  | MrRokkomies the Felid Abyssal Knight began the quest for
                  | the Orb.
     0 | Abyss:1  | Reached XP level 1. HP: 10/10 MP: 3/3
     9 | Abyss:1  | Found a corrupted altar of Lugonu.
    58 | Abyss:1  | Noticed a small abomination
    58 | Abyss:1  | Noticed a small abomination
    60 | Abyss:1  | Noticed a small abomination
    61 | Abyss:1  | Noticed an apocalypse crab
    64 | D:1      | Escaped the Abyss
   605 | D:1      | Reached XP level 2. HP: 11/14 MP: 4/4
   687 | D:1      | Reached skill level 1 in Stealth
   721 | D:1      | Reached * piety under Lugonu
  1876 | D:1      | Reached XP level 3. HP: 17/17 MP: 5/5
  2194 | D:2      | Gained mutation: You are clumsy. (Dex -2) [potion of
                  | mutation]
  2194 | D:2      | Gained mutation: You have a pair of small horns on your
                  | head. [potion of mutation]
  2194 | D:2      | Gained mutation: Your flesh is cold resistant. (rC+)
                  | [potion of mutation]
  2615 | D:2      | Found a shimmering altar of Xom.
  2619 | D:2      | Found a radiant altar of Vehumet.
  2626 | D:2      | Reached XP level 4. HP: 21/21 MP: 6/6
  2713 | D:2      | Found a runed translucent door.
  2714 | D:2      | Noticed Crazy Yiuf
  2722 | D:2      | HP: 1/21 [Crazy Yiuf/+4 quarterstaff of chaos (9)]
  3137 | D:3      | Reached skill level 2 in Stealth
  3200 | D:3      | Reached ** piety under Lugonu
  3434 | D:3      | Reached skill level 5 in Dodging
  3434 | D:3      | Reached XP level 5. HP: 22/24 MP: 6/8
  3746 | D:3      | Found a stormy altar of Qazlal.
  3996 | D:3      | Found a blossoming altar of Fedhas.
  4106 | D:3      | Learned a level 2 spell: Call Imp
  4108 | D:3      | Lost mutation: Your flesh is cold resistant. (rC+) [potion
                  | of mutation]
  4108 | D:3      | Lost mutation: You have a pair of small horns on your head.
                  | [potion of mutation]
  4108 | D:3      | Gained mutation: You expend magic power (3 MP) to
                  | strengthen your wands. [potion of mutation]
  4108 | D:3      | Gained mutation: You are partially covered in molten
                  | scales. (AC +2) [potion of mutation]
  4187 | D:3      | Killed from afar by an orc priest
  4188 | D:3      | Reached XP level 4. HP: 0/21 MP: 0/7
  4265 | D:4      | Reached skill level 3 in Stealth
  4265 | D:4      | Reached XP level 5. HP: 24/24 MP: 8/8
  4379 | D:4      | Gained mutation: You are covered in thick fur. (AC +2)
                  | [Felid growth]
  4379 | D:4      | Reached XP level 6. HP: 28/28 MP: 3/9
  4760 | D:4      | Reached skill level 1 in Summonings
  4921 | D:4      | Noticed Sigmund
  5004 | D:4      | Lost mutation: You are clumsy. (Dex -2) [potion of
                  | mutation]
  5004 | D:4      | Lost mutation: You expend magic power (3 MP) to strengthen
                  | your wands. [potion of mutation]
  5004 | D:4      | Lost mutation: You are partially covered in molten scales.
                  | (AC +2) [potion of mutation]
  5004 | D:4      | Gained mutation: Your system is resistant to poisons.
                  | (rPois) [potion of mutation]
  5004 | D:4      | Gained mutation: You are robust. (+10% HP) [potion of
                  | mutation]
  5124 | D:4      | Reached *** piety under Lugonu
  5124 | D:4      | Reached skill level 4 in Stealth
  5124 | D:4      | Reached XP level 7. HP: 9/34 MP: 3/10
  5517 | D:4      | Reached skill level 5 in Unarmed Combat
  5803 | D:5      | Entered Level 5 of the Dungeon
  5875 | D:5      | Found a staircase to the Ecumenical Temple.
  5914 | D:5      | Found a runed translucent gate.
  5914 | D:5      | Found a runed translucent gate.
  5914 | D:5      | Found a runed translucent gate.
  5920 | D:5      | Noticed Efemafry's ghost (novice GnWr)
  6289 | D:5      | Reached skill level 5 in Stealth
  6319 | D:5      | Reached XP level 8. HP: 33/37 MP: 12/12
  6748 | D:5      | Found a hide-covered altar of Uskayaw.
  6748 | D:5      | Found a glowing golden altar of the Shining One.
  6753 | D:5      | Found a shimmering blue altar of Sif Muna.
  6755 | D:5      | Found a faded altar of an unknown god.
  6756 | D:5      | Found an iron altar of Okawaru.
  8611 | D:7      | Reached **** piety under Lugonu
  8769 | D:8      | Noticed a hornet
  8790 | D:8      | Noticed a hippogriff
  8803 | D:8      | Killed a hippogriff
  8803 | D:8      | Reached skill level 6 in Stealth
  8985 | D:8      | Noticed Erica
  8987 | D:8      | Banished Erica
  8987 | D:8      | Reached skill level 5 in Invocations
  8987 | D:8      | Reached XP level 9. HP: 40/40 MP: 13/13
  8997 | D:8      | HP: 1/40 [orc priest/divine providence (14)]
  9813 | D:8      | Reached skill level 7 in Stealth
 10143 | D:8      | Reached skill level 10 in Dodging
 10148 | D:8      | Learned a level 3 spell: Call Canine Familiar
 10409 | D:8      | Noticed a purple ugly thing
 10413 | D:8      | Killed a purple ugly thing
 10477 | D:8      | Reached XP level 10. HP: 36/46 MP: 15/15
 11396 | D:9      | Reached skill level 8 in Stealth
 11504 | D:9      | Noticed Maurice
 11516 | D:9      | Killed Maurice
 11610 | D:9      | Reached skill level 5 in Summonings
 11713 | D:9      | Noticed a two-headed ogre
 11736 | D:9      | Banished a two-headed ogre
 11736 | D:9      | Reached skill level 5 in Fighting
 12107 | D:9      | Noticed Harold
 12123 | D:9      | Banished Harold
 12509 | D:8      | Reached skill level 9 in Stealth
 12947 | D:10     | Entered Level 10 of the Dungeon
 13102 | D:10     | Noticed a two-headed ogre
 13105 | D:10     | Noticed Snorg
 13158 | D:10     | Killed a two-headed ogre
 13513 | D:10     | Reached XP level 11. HP: 53/53 MP: 17/17
 13518 | D:10     | Found a staircase to the Lair.
 13537 | D:10     | Banished Snorg
 13914 | D:10     | Noticed Maggie
 13919 | D:10     | Banished Maggie
 14270 | D:10     | Reached skill level 10 in Unarmed Combat
 15117 | Lair:1   | Entered Level 1 of the Lair of Beasts
 15221 | Lair:1   | Reached skill level 10 in Stealth
 15344 | Lair:1   | You fall into a shaft and drop 1 floor!
 15358 | Lair:2   | Found a staircase to the Swamp.
 15516 | Lair:2   | HP: 2/55 [blink frog (18)]
 15518 | Lair:2   | Mangled by a blink frog
 15519 | Lair:2   | Reached XP level 10. HP: -11/51 MP: 16/16
 16251 | Lair:1   | Reached XP level 11. HP: 40/56 MP: 15/17
 16769 | Lair:1   | Noticed an eight-headed hydra
 16919 | Lair:1   | Reached ***** piety under Lugonu
 17412 | Lair:1   | Learned a level 3 spell: Confusing Touch
 17503 | Lair:1   | Noticed an eight-headed hydra
 17731 | Lair:1   | Killed an eight-headed hydra
 17731 | Lair:1   | Reached skill level 1 in Hexes
 18999 | Lair:2   | Noticed Gastronok
 19212 | Lair:2   | Banished Gastronok
 19212 | Lair:2   | Reached skill level 11 in Stealth
 19852 | Lair:3   | Gained mutation: Your thick and shaggy fur keeps you warm.
                  | (AC +3, rC+) [Felid growth]
 19852 | Lair:3   | Reached XP level 12. HP: 62/62 MP: 19/19
 19880 | Lair:3   | Found a staircase to the Snake Pit.
 19968 | Lair:3   | Learned a level 1 spell: Shock
 20013 | Lair:3   | Noticed a four-headed hydra
 20018 | Lair:3   | Banished a four-headed hydra
 20755 | Lair:3   | Reached skill level 10 in Fighting
 20755 | Lair:3   | Reached skill level 5 in Hexes
 21714 | Lair:4   | Reached skill level 12 in Stealth
 21714 | Lair:4   | Reached skill level 1 in Air Magic
 21815 | Lair:4   | Noticed a six-headed hydra
 21840 | Lair:4   | Found a gate leading to a gauntlet.
 21849 | Gauntlet | Entered a Gauntlet
 21849 | Gauntlet | Found a transporter.
 21849 | Gauntlet | Found a transporter.
 21949 | Gauntlet | Found a transporter.
 21954 | Gauntlet | Found a transporter.
 21954 | Gauntlet | Found a large runed translucent door.
 21955 | Gauntlet | Found a transporter.
 21955 | Gauntlet | Found a large runed translucent door.
 21956 | Gauntlet | Found a large runed translucent door.
 21956 | Gauntlet | Found a large runed translucent door.
 21956 | Gauntlet | Found a runed translucent door.
 21956 | Gauntlet | Found a runed translucent door.
 21957 | Gauntlet | Found a large runed translucent door.
 21957 | Gauntlet | Found a large runed translucent door.
 21957 | Gauntlet | Found a large runed translucent door.
 21957 | Gauntlet | Found a large runed translucent door.
 21958 | Gauntlet | Found a large runed translucent door.
 21958 | Gauntlet | Found a large runed translucent door.
 21959 | Gauntlet | Found a large runed translucent door.
 21959 | Gauntlet | Found a large runed translucent door.
 21960 | Gauntlet | Found a runed translucent gate.
 21960 | Gauntlet | Found a runed translucent gate.
 21960 | Gauntlet | Found a runed translucent gate.
 21962 | Gauntlet | Found a transporter.
 21965 | Gauntlet | Identified the amulet of Ascent {Faith rPois Str+3}
 21973 | Gauntlet | Found a large runed translucent door.
 21974 | Gauntlet | Found a large runed translucent door.
 21976 | Gauntlet | Found a transporter.
 21984 | Gauntlet | Found a transporter.
 21984 | Gauntlet | Noticed a queen ant
 22006 | Gauntlet | Found a transporter.
 22010 | Gauntlet | Found a transporter.
 22027 | Gauntlet | Found a transporter.
 22084 | Gauntlet | Found a transporter.
 22086 | Gauntlet | Noticed an entropy weaver
 22602 | Gauntlet | Noticed a minotaur
 22609 | Gauntlet | Killed a minotaur
 22633 | Lair:4   | Killed a six-headed hydra
 25184 | Lair:5   | Reached skill level 1 in Spellcasting
 25184 | Lair:5   | Reached XP level 13. HP: 63/67 MP: 17/20
 25550 | Lair:4   | Learned a level 4 spell: Airstrike
 25774 | Lair:5   | Found a staircase to the Slime Pits.
 26095 | Lair:6   | Entered Level 6 of the Lair of Beasts
 27204 | Lair:6   | Reached skill level 5 in Air Magic
 27586 | Lair:6   | Noticed a dire elephant
 27590 | Lair:6   | Banished a dire elephant
 27590 | Lair:6   | Reached skill level 13 in Stealth
 27805 | Lair:6   | Corrupted Lair:6
 27805 | Lair:6   | Noticed a starcursed mass
 27809 | Lair:6   | Noticed a tentacled starspawn
 28101 | Lair:6   | Noticed a dire elephant
 28102 | Lair:6   | Banished a dire elephant
 28889 | D:11     | Found a staircase to the Orcish Mines.
 28919 | D:11     | Noticed Grum
 29344 | D:11     | Killed Grum
 29948 | D:11     | Reached skill level 10 in Invocations
 30423 | D:11     | Identified the Almanac of Dark Magic
 30430 | D:11     | Learned a level 4 spell: Summon Lightning Spire
 30435 | D:11     | Learned a level 4 spell: Iskenderun's Mystic Blast
 30575 | D:11     | Reached skill level 5 in Spellcasting
 31586 | Orc:1    | Entered Level 1 of the Orcish Mines
 31742 | Orc:2    | Entered Level 2 of the Orcish Mines
 31764 | Orc:2    | Found a staircase to the Elven Halls.
 33381 | Orc:1    | Reached XP level 14. HP: 36/72 MP: 23/23
 35075 | Orc:2    | Noticed Jorgrun
 35562 | Orc:1    | Reached skill level 1 in Conjurations
 36777 | Orc:2    | Found Liavum's Antique Weapon Shoppe.
 36777 | Orc:2    | Found Tumyom's General Store.
 36777 | Orc:2    | Found Xihon's Magic Scroll Emporium.
 36791 | Orc:2    | Found Siwyheit's Gadget Shoppe.
 36796 | Orc:2    | Bought a scroll of blinking for 120 gold pieces
 36796 | Orc:2    | Bought a scroll of fear for 56 gold pieces
 36796 | Orc:2    | Bought a scroll of acquirement for 832 gold pieces
 36796 | Orc:2    | Acquired the Handbook of Enchanting Intoxication
 37158 | Orc:2    | Killed Jorgrun
 37158 | Orc:2    | Reached skill level 14 in Stealth
 37276 | D:11     | Upgraded the game from 0.26-a0-450-ge645bd13c1 to
                  | 0.26-a0-451-gacbe401039
 39363 | D:13     | Reached ****** piety under Lugonu
 39955 | D:14     | Found a gate to the Vaults.
 39955 | D:14     | Noticed Josephine
 40608 | D:14     | Killed Josephine
 41518 | D:14     | Reached skill level 5 in Conjurations
 42296 | D:14     | Slain by an efreet
 42297 | D:14     | Reached XP level 13. HP: 0/67 MP: 23/23
 42791 | D:14     | Reached XP level 14. HP: 64/72 MP: 8/24
 43768 | D:15     | Entered Level 15 of the Dungeon
 44495 | D:15     | Slain by a phantasmal warrior
 44496 | D:15     | Reached XP level 13. HP: -2/67 MP: 23/23
 44609 | D:15     | Reached skill level 15 in Stealth
 44934 | D:15     | Noticed Azrael
 45303 | D:15     | Reached skill level 1 in Translocations
 46677 | D:14     | Slain by a white ugly thing

Illustrated notes

Levels and vault maps discovered:
D:1:      saegor_arrival_fortress, layout_basic
D:2:      layout_loops_ring, chequers_temple_overflow_statue_of_worship,
          item_on_display_a, uniq_crazy_yiuf_cottage
D:3:      layout_loops_ring, grunt_temple_overflow_forces_of_nature
D:4:      layout_loops_corners, uniq_sigmund
D:5:      minmay_evil_eye, layout_cave_pools,
          chequers_temple_overflow_minitemple, temple_statues,
          gammafunk_ghost_necromancy
D:6:      layout_basic
D:7:      layout_cave_pods
D:8:      cheibrodos_barr_body, layout_rooms, kennysheep_generic_room_16,
          uniq_erica
D:9:      layout_irregular_city, grunt_potential, uniq_maurice, uniq_harold
D:10:     layout_irregular_city, due_lair_maze_entry_diamond, uniq_maggie,
          uniq_snorg
D:11:     minmay_the_grid_triangle_9x9_rhombus_thin_mashed
          [minmay_the_grid_triangle_9x9_stretched_checkered,
          minmay_the_grid_triangle_9x9_prize_center,
          minmay_the_grid_triangle_9x9_odd_lines,
          minmay_the_grid_triangle_9x9_zippers_vertical], layout_irregular_city,
          orc_0_dummy, zaba_antful_of_joy, uniq_grum
D:12:     layout_cave_pools
D:13:     layout_roguey, due_unseen_surprise
D:14:     layout_basic, erik_vaults_2, uniq_josephine
D:15:     gammafunk_enter_depths_forms, layout_basic, minmay_misc_feat_rows,
          grunt_tough_drop, uniq_azrael
Lair:1:   lemuel_ratsnest, layout_cave_pods, lemuel_old_faithful,
          serial_bayou_shore_a, grunt_megastairs_5, infiniplex_staircase_pool
Lair:2:   layout_loops_ring, swamp_mist, serial_bayou_crossing, uniq_gastronok
Lair:3:   layout_gridlike, guppyfry_snake_entry_garden, grunt_megastairs_2
Lair:4:   layout_gridlike, gauntlet_entry_generic, serial_bayou_lake_a
Lair:5:   pond_and_an_island_with_a_cottage, layout_regular_city,
          minmay_slime_entry_pillars, grunt_megastairs_4
Lair:6:   hangedman_lair_in_review, layout_cave_shapes
Orc:1:    layout_caves
Orc:2:    st_orc_mages, layout_caves, mines_bat_river, uniq_jorgrun

Skill      XL: |  1  2  3  4  5  6  7  8  9 10 11 12 13 14 |
---------------+-------------------------------------------+-----
Stealth        | 1 3 4 5 6 7 9 11 12 15 14 | 15.0
Invocations    | 2 3 4 5 6 8 9 11 | 11.3
Dodging        | 4 5 6 7 9 10 | 10.0
Unarmed Combat | 3 4 5 7 8 9 11 12 | 12.0
Summonings     | 1 2 3 4 5 6 |  6.0
Fighting       | 4 8 9 10 | 10.0
Hexes          | 4 8 |  8.0
Air Magic      | 3 6 9 |  9.9
Spellcasting   | 1 5 6 |  6.0
Conjurations   | 6 |  6.8
Translocations | 2 |  2.8

Action                   |  1- 3 |  4- 6 |  7- 9 | 10-12 | 13-15 || total
-------------------------+-------+-------+-------+-------+-------++-------
Melee: Unarmed           |   137 |   164 |   307 |   986 |  1563 ||  3157
       Bite              |    10 |    16 |    46 |   119 |   220 ||   411
       Punch             |     1 |     2 |     9 |    67 |   108 ||   187
       Headbutt          |     5 |    23 |       |       |       ||    28
 Cast: Call Imp          |       |       |     3 |    65 |    28 ||    96
       Call Canine Famil |       |       |     1 |    52 |    18 ||    71
       Confusing Touch   |       |       |       |    15 |    74 ||    89
       Airstrike         |       |       |       |       |   142 ||   142
       Summon Lightning  |       |       |       |       |    36 ||    36
       Shock             |       |       |       |       |     4 ||     4
Invok: Depart the Abyss  |     1 |       |       |       |       ||     1
       Banish            |       |       |     4 |    17 |     6 ||    27
       Bend Space        |       |       |       |     1 |       ||     1
       Corrupt           |       |       |       |       |     1 ||     1
Evoke: Wand              |       |       |       |    14 |     8 ||    22
  Use: Scroll            |     4 |     2 |    12 |     9 |     7 ||    34
       Potion            |     1 |     6 |       |     7 |     5 ||    19
 Stab: Sleeping          |     7 |     9 |    26 |    48 |    47 ||   137
       Distracted        |       |       |     3 |    11 |    19 ||    33
       Confused          |       |       |       |    13 |    63 ||    76
       Invisible         |       |       |       |     4 |       ||     4
Armor: Skin              |     7 |    15 |    15 |    42 |   129 ||   208
Dodge: Dodged            |    88 |   137 |   289 |   995 |  1472 ||  2981

Table legend: (Time is in decaauts)
 A = Elapsed time spent in this place.
 B = Non-inter-level travel time spent in this place.
 C = Inter-level travel time spent in this place.
 D = Time resting spent in this place.
 E = Time spent auto-exploring this place.
 F = Levels seen in this place.
 G = Mean time per level.
                   A        B        C        D        E       F      G
               +--------+--------+--------+--------+--------+-----+--------+
         Total |  42555 |  41613 |    942 |  21139 |  11791 |  25 | 1702.2 |
       Dungeon |  26311 |  25658 |    653 |  12753 |   7537 |  15 | 1754.1 |
          Lair |  11239 |  10995 |    244 |   5501 |   3224 |   6 | 1873.2 |
  Orcish Mines |   4224 |   4180 |     44 |   2450 |    856 |   2 | 2112.0 |
         Abyss |     51 |     51 |      0 |      0 |      0 |   1 |   51.0 |
      Gauntlet |    728 |    728 |      0 |    434 |    173 |   1 |  728.0 |
               +--------+--------+--------+--------+--------+-----+--------+

Top non-repeatable levels by time:
    D:14: 3770 daAuts
    D:11: 3439 daAuts
   Orc:1: 3062 daAuts
  Lair:1: 2786 daAuts
    D:10: 2452 daAuts
  Lair:4: 2205 daAuts
    D:13: 1889 daAuts
     D:1: 1811 daAuts
     D:8: 1795 daAuts
  Lair:2: 1794 daAuts
    D:15: 1749 daAuts
  Lair:3: 1586 daAuts
     D:9: 1573 daAuts
  Lair:6: 1551 daAuts
     D:4: 1550 daAuts
